 Dungeon Crawl Stone Soup version 0.31.0-12-g77e489cdc1 (webtiles) character file.

Game seed: 16901164426697244612

73 Chiseanne the Covered (level 4, 30/34 HPs)
             Began as a Demonspawn Wanderer on Feb 17, 2024.
             Quit the game on level 2 of the Dungeon.
             The game lasted 00:02:03 (1505 turns).

Chiseanne the Covered (Demonspawn Wanderer)         Turns: 1505, Time: 00:02:03

Health: 30/34      AC: 11    Str: 15    XL:     4   Next: 8%
Magic:  4/4        EV:  8    Int: 11    God:
Gold:   85         SH:  0    Dex: 13    Spells: 3/3 levels left

rFire   . . .        a - +0 quarterstaff
rCold   . . .        (shield currently unavailable)
rNeg    . . .        b - +0 chain mail
rPois   .            (helmet restricted)
rElec   .            k - +0 cloak
rCorr   .            (no gloves)
SInv    .            (no boots)
Will    .....        (no amulet) Stlth
                     (no ring)
HPRegen 0.25/turn    (no ring)
MPRegen 0.09/turn

%: no passive effects
@: no status effects
A: hooves 1, horns 1
a: no special abilities


You were on level 2 of the Dungeon.
You visited 1 branch of the dungeon, and saw 2 of its levels.

You collected 85 gold pieces.

Inventory:

Hand Weapons
 a - a +0 quarterstaff (weapon)
Missiles
 i - 18 stones (quivered)
Armour
 b - a +0 chain mail (worn)
 k - a +0 cloak (worn)
Jewellery
 j - a +4 ring of protection
Scrolls
 c - a scroll of enchant weapon {unknown}
 d - a scroll of blinking
 g - a scroll of revelation
 h - a scroll of summoning {unknown}
Potions
 e - 2 potions of resistance


   Skills:
 * Level 2.3 Fighting
 - Level 1.7 Staves
 * Level 5.0 Armour
 * Level 2.1 Dodging
 - Level 1.0 Stealth


You had 3 spell levels left.
You didn't know any spells.
Your spell library was empty.

Dungeon Overview and Level Annotations

Branches:
Dungeon (2/15)

Altars:
Hepliaklqana


Innate Abilities, Weirdness & Mutations

You have large cloven feet.
You have a pair of small horns on your head.


Message History

You see here a rat corpse.
Found a hazy altar of Hepliaklqana.
j - a +4 ring of protection
Found a cloak.
You see here a +0 cloak.
k - a +0 cloak You start removing your armour.
You continue taking off your +0 cloak. x4
You finish taking off your +0 cloak.
You start putting on your armour.
You continue putting on your +0 cloak. x5
You finish putting on your +0 cloak.
You drop a +0 cloak.
Found a dagger.
You see here a +0 dagger.
A hobgoblin comes into view.
The hobgoblin shouts!
An adder comes into view.
You hit the hobgoblin.
The hobgoblin is almost dead.
The hobgoblin hits you.
You barely miss the hobgoblin.
You kick the hobgoblin, but do no damage.
The hobgoblin is almost dead.
The hobgoblin barely misses you.
The hobgoblin hits you but does no damage.
You hit the hobgoblin but do no damage.
The hobgoblin is almost dead.
The hobgoblin barely misses you.
You closely miss the hobgoblin.
The hobgoblin is almost dead.
The hobgoblin hits you.
You sock the hobgoblin!
You kill the hobgoblin!
The adder bites you but does no damage.
You closely miss the adder. The adder bites you but does no damage.
You sock the adder!
You kill the adder!
You have reached level 4!
You feel stronger.
Your demonic ancestry asserts itself...
A pair of horns grows on your head!
Are you sure you want to abandon this character and quit the game? (Confirm with "yes".)

#.........) #..
#[.###.##.# #.#
#..# #.##.# #.#
#..# #.....
#.######..######.#
#.##.......# #.#
#.##.#####.#####.#
#†#...............
#@#.)#####........
#.#..########.####
#.........# #.#
###..####.###.##
#..# #[##...###
#..# #.........
#..# ####...###
#..# ##.## #..#
#.#


There were no monsters in sight!

Vanquished Creatures
  2 adders (D:2)
  4 dart slugs (D:1)
  3 bats (D:1)
  3 endoplasms
  3 hobgoblins
  3 jackals (D:1)
  A quokka (D:1)
  3 ball pythons (D:1)
  3 frilled lizards (D:1)
  10 goblins
  6 kobolds
  5 rats
46 creatures vanquished.

Notes
Turn   | Place    | Note
-------+----------+-------------------------------------------
     0 | D:1      | Chiseanne the Demonspawn Wanderer began the quest for the
                  | Orb.
     0 | D:1      | Chiseanne set off with the following items: a +0
                  | quarterstaff, a +0 chain mail, a scroll of vulnerability, a
                  | scroll of blinking.
     0 | D:1      | Reached XP level 1. HP: 15/15 MP: 1/1
   322 | D:1      | Discovered your monstrous ancestry.
   322 | D:1      | Gained mutation: You have large cloven feet. [demonic
                  | ancestry]
   322 | D:1      | Reached XP level 2. HP: 21/21 MP: 2/2
   651 | D:1      | Reached XP level 3. HP: 24/27 MP: 3/3
  1291 | D:2      | Reached skill level 5 in Armour
  1362 | D:2      | Found a hazy altar of Hepliaklqana.
  1505 | D:2      | Gained mutation: You have a pair of small horns on your
                  | head. [demonic ancestry]
  1505 | D:2      | Reached XP level 4. HP: 30/34 MP: 4/4
  1505 | D:2      | Quit the game

Illustrated notes

Levels and vault maps discovered:
D:1:      nicolae_arrival_washed_ashore, layout_basic
D:2:      layout_loops_ring, basic_altar

Skill      XL: |  1  2  3 |
---------------+----------+-----
Fighting       | 2 |  2.3
Dodging        | 2 |  2.1
Armour         | 5 |  5.0
Staves         | |  1.7
Stealth        | |  1.0

Action                     |  1- 3 |  4- 6 || total
---------------------------+-------+-------++-------
  Melee: Quarterstaff      |   163 |       ||   163
         Kick              |    21 |       ||    21
    Use: Scroll            |     3 |       ||     3
 Armour: Chain mail        |   201 |       ||   201
  Dodge: Dodged            |    85 |       ||    85
